Map: Chain of Ascension

Players

NamroodTuo

  • Race: Zerg Zerg

Ariock

  • Race: Zerg Zerg

VOD

Have the link to the VOD?

Description

Time

  • Played on: June 17, 2023, 5:01 a.m.
  • Length: 32:14
Show
View Real Time Build Order
Export as new Build Order

NamroodTuo Zerg 

Build Orders:  

Get SALT Encoding   

  12  0:04  Infested SCV  
  13  0:12  Infested SCV  
  14  0:32  Infested Barracks  
  14  0:38  Infested SCV  
  15  0:48  Overlord  
  15  1:18  Infested SCV  
  16  1:20  Infested SCV  
  16  1:27  Infested SCV  
  18  1:32  Infested SCV  
  18  1:35  Infestation Level 1  
  19  1:40  Infested SCV  
  20  1:56  Overlord  
  20  2:11  Infested SCV  
  21  2:21  Infested Refinery  
  21  2:23  Infested Engineering Bay  
  21  2:34  Infested SCV  
  21  2:35  Infested Refinery  
  22  2:43  Infested SCV  
  23  2:58  Infested SCV  
  24  3:28  Infested SCV  
  25  3:31  Overlord  
  29  3:45  Infested Bunker  
  29  3:58  Infestation Level 2  
  29  4:00  Infested SCV  
  29  4:07  Infested SCV  
  31  4:23  Infested SCV  
  32  4:33  Infested Barracks Tech Lab  
  32  4:40  Overlord  
  32  5:08  Infested Bunker  
  36  5:10  Stukov Infantry Weapons Level 1  
  36  5:27  Unknown  
  36  5:40  Overlord, Infested SCV x3  
  34  5:58  Anaerobic Enhancement  
  34  6:15  Retinal Augmentation  
  34  6:26  Infested Missile Turret  
  34  6:47  Infested Factory, Infested SCV  
  34  6:48  Overlord  
  35  6:58  Infested Missile Turret, Broodling Gestation  
  39  7:11  Infested Bunker  
  39  7:17  Overlord  
  39  7:44  Plagued Munitions  
  39  7:50  Stukov Infantry Armor Level 1  
  38  8:11  Infested Marine  
  38  8:12  Infested Marine x17  
  38  8:13  Infested Marine x2  
  54  8:42  Infested Factory Tech Lab  
  54  8:48  Infested Armory  
  56  9:22  Infested Bunker  
  38  10:30  Regenerative Plating  
  38  11:19  Infestation Level 3  
  38  11:24  Aggressive Incubation  
  38  11:25  Infested Command Center  
  38  11:27  Overlord x3  
  38  11:30  Stukov Infantry Weapons Level 2  
  38  11:54  Infested Bunker  
  42  12:29  Infested Marine  
  43  12:30  Infested Marine x19  
  62  12:42  Infested Marine  
  62  12:43  Infested Marine  
  62  12:49  Infested Bunker  
  68  12:56  Infested Missile Turret  
  66  13:22  Infested SCV x4  
  67  13:32  Overseer x3  
  67  13:38  Overlord  
  54  13:50  Infested Missile Turret  
  54  14:15  Infested Bunker  
  58  14:22  Overlord  
  58  14:27  Infested SCV  
  58  14:28  Infested SCV  
  58  14:29  Infested SCV  
  58  14:33  Infested SCV  
  59  14:40  Calcified Armor  
  62  15:21  Infested Bunker  
  66  15:30  Infested SCV, Infested Bunker  
  66  15:35  Infested SCV  
  66  15:36  Infested SCV  
  66  15:39  Infested SCV  
  70  15:40  Stukov Infantry Armor Level 2  
  70  16:25  Infested Colonist Compound  
  70  16:59  Infested Barracks  
  70  17:06  Infested Bunker  
  74  17:19  Infested Bunker  
  78  17:42  Saturated Cultures  
  78  17:54  Infested SCV  
  78  17:55  Infested Factory  
  78  17:56  Overlord  
  78  17:57  Overlord x2  
  79  18:01  Infested SCV x2  
  79  18:02  Infested SCV x3  
  79  18:09  Infested Missile Turret  
  84  18:15  Infested Bunker  
  88  18:22  Overlord x2  
  88  18:37  Overlord x2  
  88  18:41  Infested Refinery  
  88  18:42  Caustic Mucus  
  88  18:46  Infested Refinery  
  88  18:50  Stukov Infantry Weapons Level 3  
  88  19:05  Overseer  
  88  19:06  Overseer  
  88  19:58  Infested Marine  
  88  19:59  Infested Marine x14  
  103  20:00  Infested Marine x5  
  108  20:18  Infested Factory Tech Lab  
  108  20:20  Overlord  
  108  20:21  Overlord x2  
  108  20:24  Stukov Vehicle and Ship Armor Level 1  
  105  20:33  Infested Marine  
  105  20:34  Infested Marine x12  
  105  20:35  Infested Marine x14  
  125  21:19  Automated Mitosis  
  121  21:34  Infested Bunker  
  133  21:40  Infested Bunker  
  133  21:44  Infested Bunker  
  133  21:58  Infested Diamondback x5  
  133  21:59  Infested Diamondback  
  141  22:12  Infested Marine  
  141  22:13  Infested Marine x16  
  141  22:19  Acidic Enzymes  
  158  22:30  Stukov Infantry Armor Level 3  
  135  22:44  Infested Diamondback x2  
  135  22:45  Infested Diamondback  
  144  22:51  Overlord, Infested SCV  
  145  23:01  Infested SCV  
  145  23:02  Infested SCV  
  145  23:04  Stukov Vehicle and Ship Weapons Level 1  
  145  23:05  Overlord  
  147  23:29  Infested Bunker  
  138  24:44  Infested Bunker  
  138  24:49  Overseer  
  150  24:50  Overseer  
  138  24:52  Overlord x5  
  138  25:18  Infested Marine x2  
  138  25:19  Infested Marine x24  
  164  25:20  Infested Marine x14  
  164  25:25  Infested Diamondback x5  
  193  25:35  Overseer x2  
  193  25:36  Overseer x2  
  193  25:44  Stukov Vehicle and Ship Armor Level 2  
  193  25:49  Infested Marine  
  194  25:50  Infested Marine x6  
  159  27:26  Infested Bunker  
  171  27:30  Infested Bunker  
  171  27:33  Infested Bunker  
  169  29:27  Infested Bunker  
  173  29:34  Infested Marine x3  
  173  29:35  Infested Marine x23  
  173  29:36  Infested Marine x5  
Show
View Real Time Build Order
Export as new Build Order

Ariock Zerg 

Build Orders:  

Get SALT Encoding   

  18  0:03  Primal Drone  
  19  0:12  Primal Drone  
  19  0:19  Primal Drone  
  21  0:25  Primal Drone  
  22  0:33  Primal Drone  
  23  0:40  Extractor  
  23  1:04  Primal Warden  
  23  1:06  Extractor  
  24  1:11  Primal Drone  
  24  1:16  Primal Drone  
  26  1:44  Primal Drone x2  
  28  1:53  Primal Drone  
  29  2:13  Glevig's Den  
  29  2:17  Primal Drone  
  29  2:48  Primal Drone x2  
  29  2:49  Primal Warden  
  32  2:55  Primal Carapace Level 1  
  32  3:00  Primal Drone  
  33  3:13  Primal Drone  
  34  3:29  Primal Drone  
  35  3:50  Murvar's Den  
  35  3:53  Primal Drone  
  35  3:59  Primal Zergling x5  
  40  4:00  Primal Zergling  
  41  4:43  Ravasaur x3  
  39  5:54  Dissolving Acid  
  35  6:02  Primal Drone x2  
  35  6:03  Primal Drone x3  
  35  6:05  Primal Warden  
  41  6:36  Primal Zergling x3  
  41  6:37  Primal Zergling x6  
  41  6:38  Primal Zergling  
  51  6:46  Primal Drone x2  
  53  6:54  Enlarged Parotid Glands  
  53  6:56  Dakrun's Den  
  53  6:59  Ravasaur x3  
  52  7:00  Ravasaur x2  
  46  8:31  Primal Zergling x2  
  46  8:32  Primal Zergling x4  
  46  8:33  Primal Zergling x4  
  46  8:34  Primal Zergling x5  
  61  8:40  Muscular Augments  
  61  8:42  Primal Drone x3  
  61  8:43  Primal Drone x2  
  61  8:49  Primal Attacks Level 1  
  66  8:54  Ravasaur  
  66  8:55  Ravasaur x5  
  66  8:56  Ravasaur  
  66  9:18  Primal Warden  
  67  9:21  Primal Drone x2  
  69  10:06  Primal Hive  
  74  10:15  Primal Wurm  
  77  10:36  Primal Wurm  
  77  10:40  Primal Wurm  
  79  11:29  Primal Carapace Level 2  
  79  11:33  Primal Wurm  
  79  11:37  Primal Wurm  
  79  11:42  Primal Ultralisk  
  85  12:05  Primal Hydralisk x3  
  85  12:06  Primal Hydralisk  
  85  12:07  Primal Hydralisk  
  95  12:16  Primal Drone x2  
  95  12:18  Primal Drone  
  95  13:48  Primal Roach x3  
  95  13:49  Primal Roach x5  
  111  13:50  Primal Roach x4  
  111  13:51  Primal Roach x5  
  111  13:59  Primordial Fury  
  129  14:05  Extractor  
  129  14:12  Extractor  
  123  16:17  Primal Zergling x5  
  123  16:18  Primal Zergling x4  
  123  16:19  Primal Zergling x5  
  135  16:20  Primal Zergling  
  136  16:52  Ravasaur x3  
  136  16:53  Ravasaur x3  
  136  16:54  Ravasaur  
  136  16:59  Primal Zergling  
  137  17:57  Primal Swarm Host x5  
  137  17:58  Primal Swarm Host x4  
  164  18:14  Primal Drone x2  
  164  18:15  Primal Drone x3  
  157  19:57  Primal Drone  
  157  19:58  Primal Drone x4  
  157  19:59  Primal Carapace Level 3  
  162  20:04  Primal Attacks Level 2  
  162  20:11  Primal Roach x3  
  162  20:12  Primal Roach x6  
  175  22:02  Primal Guardian x2  
  175  22:03  Primal Guardian x2  
  171  23:18  Primal Drone x2  
  171  23:19  Primal Drone x3  
  176  23:26  Primal Attacks Level 3  
  176  23:30  Tyrant's Protection  
  176  23:40  Aerial Burst Sacs  
  176  23:44  Concentrated Fire  
  176  24:30  Barrage of Spikes  
  174  24:41  Primal Drone  
  174  24:42  Primal Drone x4  
  180  24:51  Primal Wurm  
  180  24:53  Primal Wurm  
  180  24:55  Primal Wurm  
  182  25:34  Impaling Strike  
  182  25:43  Explosive Spores  
  182  25:45  Glial Reconstitution  
  182  26:34  Healing Adaptation  
  182  26:45  Tenderize  
  182  27:34  Brutal Charge  
  180  29:09  Slicing Glave  
  180  29:19  Primal Ultralisk x2  
  192  29:20  Primal Ultralisk  
  199  29:40  Primal Wurm  
  199  29:48  Primal Wurm  
  200  30:08  Primal Reconstitution  
Tags
 
Add a new tag
Caveats
  • Supply blocks, unpowered buildings, or Contaminate may cause inaccurate times.
  • Supply counts are checked every 10 seconds.